 Dungeon Crawl Stone Soup version 0.26.0-45-g9c1d065592 (webtiles) character file.

Game seed: 12780952491101306211

26 Mattiprrivan the Charlatan (level 2, -7/24 HPs)
             Began as a Palentonga Artificer on Jan 28, 2021.
             Was an Initiate of Nemelex Xobeh.
             Killed themself with a badly aimed fireball (14 damage)
             ... on level 2 of the Dungeon.
             The game lasted 00:11:46 (1219 turns).

Mattiprrivan the Charlatan (Palentonga Artificer)   Turns: 1219, Time: 00:11:46

Health: -7/24      AC:  4    Str: 15    XL:     2   Next: 89%
Magic:  11/11      EV:  9    Int: 11    God:    Nemelex Xobeh [......]
Gold:   65         SH:  0    Dex: 10    Spells: 1/1 levels left

rFire    . . .     SeeInvis +   f - -1 whip (curse)
rCold    . . .     Faith    .   (no shield)
rNeg     . . .     Spirit   .   b - +0 leather armour
rPois    .         Reflect  .   (no helmet)
rElec    .         Harm     .   (no cloak)
rCorr    .         Rampage  .   (no gloves)
Will     .....                  (no barding)
Stlth    +.........             c - amulet of magic regeneration
HPRegen  0.08/turn              g - ring of magical power
MPRegen  0.37/turn              (no ring)

@: no status effects
A: large, rugged brown scales 3, see invisible, deformed body, roll 1, armoured
tail
a: Rolling Charge, Renounce Religion, Draw Escape, Draw Destruction, Draw
Summoning


You were on level 2 of the Dungeon.
You worshipped Nemelex Xobeh.
Nemelex Xobeh was noncommittal.
You visited 1 branch of the dungeon, and saw 2 of its levels.

You collected 65 gold pieces.

Inventory:

Hand Weapons
 a - a +0 club
 f - a cursed -1 whip (weapon)
 h - a cursed -1 spear
 j - a +0 morningstar
Missiles
 i - 11 poisoned darts
Armour
 b - a +0 leather armour (worn)
Jewellery
 c - an amulet of magic regeneration (around neck)
 g - a ring of magical power (left hand)
Wands
 d - a wand of enslavement (13)
 e - a wand of random effects (9)


   Skills:
 * Level 1.1 Fighting
 * Level 0.3(0.6) Axes
 * Level 0.4(0.5) Maces & Flails
 * Level 0.3(0.4) Polearms
 * Level 0.2 Throwing
 * Level 1.8 Armour
 * Level 1.0 Dodging
 * Level 0.6 Stealth
 * Level 0.3 Unarmed Combat
 * Level 3.0 Evocations


You had one spell level left.
You didn't know any spells.
Your spell library was empty.

Dungeon Overview and Level Annotations

Branches:
Dungeon (2/15)

Altars:
Nemelex Xobeh


Innate Abilities, Weirdness & Mutations

You are completely covered in rugged brown scales. (AC +3, +7% HP)
You have supernaturally acute eyesight. (SInv)
Armour fits poorly on your strangely shaped body.
You can roll at nearby foes to attack.
You have a long armoured tail.


Message History

The goblin closely misses your adder.
Evoke which item? (* to show all) (? for menu, Esc to quit)
Aiming: Random Effects
Press: ? - help, Shift-Dir - straight line, f - goblin, p - adder
Aim: a goblin, wielding a +0 club Really fire in your adder's direction?
The adder is no longer charmed.
The adder appears confused.
The adder bites the goblin.
Evoke which item? (* to show all) (? for menu, Esc to quit)
Aiming: Random Effects
Press: ? - help, Shift-Dir - straight line, f/p - goblin
Aim: a goblin, wielding a +0 club (heavily wounded)
The fireball explodes!
The fireball engulfs the adder!
You kill the adder!
The fireball engulfs the goblin!
You kill the goblin!
The fireball engulfs you!
Ouch! That really hurt!
You die...
Your body disappears without a glow.

..... ..... .....
.....#####
#?.......#
.(.......#
.........#
.........##########
.........'...>).@.#
.........########.#
..######## #.#
######### #.#
........# #.#
........# #.#
†.......#########.#
........SSS.......#
........###########


There were no monsters in sight!

Vanquished Creatures
  An adder (D:2)
  A worm (D:2)
  A leopard gecko (D:2)
  4 goblins
  A hobgoblin (D:1)
  4 jackals (D:2)
  A quokka (D:2)
  4 bats
  A frilled lizard (D:2)
  3 kobolds (D:1)
21 creatures vanquished.

Vanquished Creatures (collateral kills)
  A bat (D:2)
1 creature vanquished.

Vanquished Creatures (others)
  A plant (D:1)
1 creature vanquished.

Grand Total: 23 creatures vanquished

Notes
Turn   | Place    | Note
-------+----------+-------------------------------------------
     0 | D:1      | Mattiprrivan the Palentonga Artificer began the quest for
                  | the Orb.
     0 | D:1      | Reached XP level 1. HP: 17/17 MP: 1/1
   354 | D:1      | Reached XP level 2. HP: 20/24 MP: 1/2
   615 | D:1      | You fall into a shaft and drop 1 floor!
   631 | D:2      | Reached skill level 3 in Evocations
   654 | D:2      | Found a sparkling altar of Nemelex Xobeh.
   669 | D:2      | Became a worshipper of Nemelex Xobeh the Trickster
  1107 | D:2      | Reached skill level 1 in Dodging
  1219 | D:2      | Killed themself with a badly aimed fireball

Illustrated notes

Levels and vault maps discovered:
D:1:      minmay_arrival_split_and_join, layout_loops_ring, serial_forest,
          infiniplex_forest_lined_room_2, infiniplex_forest_clump_tiny,
          infiniplex_forest_lined_ring, infiniplex_forest_end_2,
          infiniplex_forest_straight_2, infiniplex_forest_end_2,
          infiniplex_forest_zigzag_1, infiniplex_forest_lined_room_,
          infiniplex_forest_end_2, infiniplex_forest_lined_4_way, minivault_11,
          chequers_serial_rivers_micro_c
D:2:      minmay_general_purpose_star, layout_basic, old_standard_altar,
          uniq_natasha

Skill      XL: |  1  2 |
---------------+-------+-----
Evocations     | 3 |  3.0
Dodging        | 1 |  1.0
Fighting       | |  1.1
Axes           | |  0.3
Maces & Flails | |  0.4
Polearms       | |  0.3
Throwing       | |  0.2
Armour         | |  1.8
Stealth        | |  0.6
Unarmed Combat | |  0.3

Action                   || total
-------------------------++-------
Melee: Whip              ||    31
       Club              ||    12
       Tailslap          ||     5
 Abil: Rolling Charge    ||     1
Evoke: Wand              ||    23
  Use: Scroll            ||     4
       Potion            ||     4
 Stab: Paralysed         ||     1
Armor: Leather armour    ||    34
Dodge: Dodged            ||    29
